 Dungeon Crawl Stone Soup version 0.26-a0-631-ged93497179 (webtiles) character file.

Game seed: 14288465052978904827

9205 Murumi the Fighter (level 11, -3/120 HPs)
             Began as an Ogre Conjurer on Sept 13, 2020.
             Was a High Priest of Okawaru.
             Slain by a komodo dragon (20 damage)
             ... on level 10 of the Dungeon.
             The game lasted 01:13:18 (13969 turns).

Murumi the Fighter (Ogre Conjurer)                 Turns: 13969, Time: 01:13:18

Health: -3/120     AC:  7    Str: 16    XL:     11   Next: 42%
Magic:  10/15      EV: 13    Int: 19    God:    Okawaru [*****.]
Gold:   532        SH:  0    Dex:  7    Spells: 14/16 levels left

rFire    . . .     SeeInvis .   f - +4 whip
rCold    . . .     Faith    .   (no shield)
rNeg     + . .     Spirit   .   t - +0 troll leather armour
rPois    .         Reflect  .   (helmet restricted)
rElec    .         Harm     .   l - +0 cloak
rCorr    .         Rampage  .   (gloves unavailable)
MR       +....                  (boots unavailable)
Stlth    +++.......             A - amulet of regeneration
HPRegen  1.10/turn              d - ring of positive energy
MPRegen  0.14/turn              u - ring of wizardry

@: heroism
A: large, unfitting armour, tough skin 1
a: Heroism, Finesse, Renounce Religion


You were on level 10 of the Dungeon.
You worshipped Okawaru.
Okawaru was extremely pleased with you.
You visited 2 branches of the dungeon, and saw 11 of its levels.
You visited the Abyss 1 time.

You collected 590 gold pieces.
You spent 58 gold pieces at shops.

Inventory:

Hand Weapons
 f - a +4 whip (weapon)
 y - a +0 giant club
 B - a +0 morningstar
 H - a +0 giant spiked club
 J - a +0 dire flail of protection
Missiles
 e - 294 stones
 r - 11 boomerangs (quivered)
 s - 22 poisoned darts
 v - 6 atropa-tipped darts
 C - 2 silver boomerangs
Armour
 l - a +0 cloak (worn)
 t - a +0 troll leather armour (worn)
Jewellery
 d - a ring of positive energy (left hand)
 u - a ring of wizardry (right hand)
 A - an amulet of regeneration (around neck)
Wands
 k - a wand of iceblast (7)
 m - a wand of enslavement (10)
 q - a wand of digging (4)
 x - a wand of paralysis (12)
 z - a wand of polymorph (24)
 E - a wand of disintegration (12)
 I - a wand of flame (15)
Scrolls
 i - 10 scrolls of remove curse
 n - 10 scrolls of magic mapping
 D - 3 scrolls of enchant armour
 F - a scroll of blinking
Potions
 a - a potion of resistance
 b - a potion of brilliance
 c - 2 potions of stabbing
 g - 6 potions of ambrosia
 h - 5 potions of flight
 j - a potion of mutation
 o - 3 potions of might
 p - 2 potions of curing
 w - a potion of berserk rage {unknown}
 G - a potion of magic {unknown}


   Skills:
 + Level 11.3(16.3) Fighting
 - Level 7.0(12.0) Maces & Flails
 - Level 8.0(13.0) Throwing
 - Level 7.0(12.0) Dodging
 - Level 3.0(8.0) Stealth
 - Level 3.0 Spellcasting
 - Level 4.0 Conjurations
 - Level 5.0 Invocations
 - Level 3.0 Evocations


You had 14 spell levels left.
You knew the following spells:

 Your Spells              Type           Power        Failure   Level
b - Searing Ray           Conj           ###...       2%          2

Your spell library contained the following spells:

 Spells                   Type           Power        Failure   Level
 Magic Dart               Conj           ###.         1%          1
 Beastly Appendage        Tmut           #.....       8%          1
 Dazzling Flash           Conj/Hex       ##....       10%         3
 Wereblood                Tmut           #.......     11%         2
 Confusing Touch          Hex            #.......     21%         3
 Gell's Gravitas          Tloc           #.........   21%         3
 Spider Form              Tmut/Pois      #.........   21%         3
 Fulminant Prism          Conj/Hex       ##........   30%         4
 Iskenderun's Mystic Bla  Conj/Tloc      ##......     30%         4
 Ice Form                 Ice/Tmut       #.......     54%         4
 Petrify                  Tmut/Erth      #.......     54%         4
 Blade Hands              Tmut           #.........   86%         5
 Metabolic Englaciation   Hex/Ice        #.........   86%         5
 Yara's Violent Unravell  Hex/Tmut       #.........   86%         5


Dungeon Overview and Level Annotations

Branches:
Dungeon (10/15)            Temple (1/1) D:5            Lair (0/6) D:10
    Orc: D:9-12

Altars:
Ashenzari
Cheibriados
Dithmenos
Elyvilon
Fedhas
Gozag
Hepliaklqana
Kikubaaqudgha
Makhleb
Nemelex Xobeh
Okawaru
Qazlal
Ru
Sif Muna
Trog
Uskayaw
Vehumet
Wu Jian
Xom
Yredelemnul
Zin
The Shining One

Shops:
D:7 *=   D:8 *


Innate Abilities, Weirdness & Mutations

You are too large for most types of armour.
You have tough skin. (AC +1)


Message History

Throwing (i - inventory. (/) - cycle)
r - 11 boomerangs (quivered)
Press: ? - help, Shift-Dir - straight line, f/p - komodo dragon
Aim: a komodo dragon (lightly wounded, wandering, blind, extremely poisoned, hasn't noticed you)
You throw a boomerang. The boomerang hits the komodo dragon!
The komodo dragon is moderately wounded.
Throwing (i - inventory. (/) - cycle)
r - 11 boomerangs (quivered)
Press: ? - help, Shift-Dir - straight line, f/p - komodo dragon
Aim: a komodo dragon (moderately wounded, wandering, blind, extremely poisoned, hasn't noticed you)
You throw a boomerang.
The boomerang closely misses the komodo dragon.
The komodo dragon hisses angrily.
Throwing (i - inventory. (/) - cycle)
r - 11 boomerangs (quivered)
Press: ? - help, Shift-Dir - straight line, f/p - komodo dragon
Aim: a komodo dragon (heavily wounded, wandering, blind, extremely poisoned, hasn't noticed you)
You throw a boomerang. The boomerang hits the komodo dragon!
The komodo dragon is severely wounded.
You whack the komodo dragon!
The komodo dragon is almost dead.
The komodo dragon bites you!!
You die...

*,,,,,,............#....#...#.
*,,,,,>,...........##...#...#.
*,,*****#...........#...##....
****,,*,,,,#...........#....#....
,,,,,,*,,,,#...<.......#..).####.
*,,,,,',,,,#(.....(....#.......##
*,,,,,*,,,,#..(.((.....##........
*,,,,,*,,,,#...l.)......#........
*,,,,.######....@.......##.......
*,,,,....................#.......
*,,,,....................##.....#
,,,,,.....................##...##
,,,,,............................
,,***#############...............
,,* #.######........ ,,* #.#
#........ ,,* #.# #........


You could see a komodo dragon (blind, extremely poisoned).

Vanquished Creatures
  Harold (D:10)
  2 two-headed ogres
  Erolcha (D:10)
  A queen bee (D:9)
  2 trolls (D:9)
  2 hippogriffs
  A wraith (D:10)
  Eustachio (D:3)
  4 yaks (D:9)
  2 sky beasts
  2 black bears
  A phantom (D:6)
  7 ice beasts
  3 ogres
  4 centaurs
  A crocodile (D:9)
  2 big kobolds (D:8)
  4 bullfrogs
  3 scorpions
  25 killer bees (D:9)
  A howler monkey (D:6)
  A bullfrog zombie (D:9)
  A quasit (D:5)
  7 hounds
  4 jellies
  5 orc priests
  2 bullfrog skeletons
  8 orc wizards
  7 worker ants
  A howler monkey zombie (D:8)
  A hound skeleton (D:9)
  7 gnolls
  7 adders
  2 shadow imps
  3 white imps
  An ufetubus (D:6)
  2 adder skeletons
  2 dart slugs
  4 leopard geckos
  30 orcs
  8 bats
  7 giant cockroaches
  6 goblins
  5 hobgoblins (D:3)
  8 jackals
  2 quokkas
  2 ball pythons
  4 frilled lizards
  12 kobolds
  A leopard gecko skeleton (D:5)
  A leopard gecko zombie (D:5)
  A quokka zombie (D:6)
  4 rats
226 creatures vanquished.

Vanquished Creatures (others)
  21 plants (D:10)
21 creatures vanquished.

Grand Total: 247 creatures vanquished

Notes
Turn   | Place    | Note
-------+----------+-------------------------------------------
     0 | D:1      | Murumi the Ogre Conjurer began the quest for the Orb.
     0 | D:1      | Reached XP level 1. HP: 16/16 MP: 3/3
   170 | D:1      | Reached XP level 2. HP: 18/24 MP: 0/5
   279 | D:1      | Learned a level 2 spell: Searing Ray
   624 | D:1      | Reached skill level 1 in Fighting
   631 | D:1      | Reached XP level 3. HP: 17/33 MP: 0/7
  1341 | D:2      | Found a faded altar of an unknown god.
  1623 | D:2      | Found a bloodstained altar of Trog.
  1771 | D:3      | Reached skill level 2 in Fighting
  1907 | D:3      | Reached skill level 1 in Throwing
  2182 | D:3      | Reached skill level 1 in Maces & Flails
  2182 | D:3      | Reached XP level 4. HP: 43/44 MP: 5/8
  2824 | D:4      | Noticed Eustachio
  2846 | D:3      | Killed Eustachio
  2846 | D:3      | Reached skill level 3 in Fighting
  2846 | D:3      | Reached XP level 5. HP: 46/53 MP: 2/9
  3029 | D:4      | Reached XP level 6. HP: 56/61 MP: 4/10
  3253 | D:4      | Reached skill level 4 in Fighting
  3551 | D:4      | Reached skill level 1 in Evocations
  3644 | D:4      | Found a hazy altar of Hepliaklqana.
  3644 | D:4      | Found a stormy altar of Qazlal.
  3747 | D:5      | Entered Level 5 of the Dungeon
  3797 | D:5      | Reached skill level 5 in Fighting
  3797 | D:5      | Reached XP level 7. HP: 62/72 MP: 1/11
  4288 | D:5      | Reached skill level 6 in Fighting
  4683 | D:5      | Found a glowing silver altar of Zin.
  4969 | D:5      | Found a staircase to the Ecumenical Temple.
  5029 | Temple   | Entered the Ecumenical Temple
  5081 | Temple   | Became a worshipper of Warmaster Okawaru
  5271 | D:6      | Reached skill level 7 in Fighting
  5271 | D:6      | Reached skill level 1 in Invocations
  5271 | D:6      | Reached XP level 8. HP: 75/87 MP: 12/12
  5427 | D:6      | Found a sparkling altar of Nemelex Xobeh.
  5710 | D:6      | Reached skill level 8 in Fighting
  6044 | D:6      | Found a hide-covered altar of Uskayaw.
  6067 | D:6      | Reached * piety under Okawaru
  6314 | D:6      | Found a shattered altar of Ashenzari.
  7055 | D:7      | Reached skill level 5 in Throwing
  7072 | D:7      | Reached XP level 9. HP: 84/96 MP: 9/13
  7260 | D:7      | Reached skill level 9 in Fighting
  7672 | D:7      | Found Kosoap's General Store.
  7744 | D:7      | Found a glowing golden altar of the Shining One.
  7756 | D:7      | Found a radiant altar of Vehumet.
  7819 | D:7      | Found Umejaiple's Jewellery Shoppe.
  7825 | D:7      | Bought a cursed ring of attention for 58 gold pieces
  8172 | D:7      | Found an ornate altar of the Wu Jian Council.
  8692 | D:8      | Found Veybram's Demolitions Depot.
  8852 | D:8      | Reached skill level 5 in Maces & Flails
  8918 | D:8      | Reached ** piety under Okawaru
  8985 | D:8      | Reached skill level 5 in Dodging
 10026 | D:8      | Reached skill level 10 in Fighting
 10303 | D:9      | Reached XP level 10. HP: 45/110 MP: 1/14
 10306 | D:9      | Reached *** piety under Okawaru
 10658 | D:9      | Found a blossoming altar of Fedhas.
 11205 | D:9      | HP: 2/111 [killer bee (7)]
 11215 | D:9      | HP: 5/111 [killer bee (4)]
 11216 | D:9      | HP: 2/111 [killer bee (5)]
 11223 | D:9      | HP: 4/111 [killer bee (6)]
 11457 | D:9      | HP: 4/111 [troll (10)]
 11458 | D:9      | Reached skill level 11 in Fighting
 11692 | D:9      | Reached **** piety under Okawaru
 12138 | D:10     | Entered Level 10 of the Dungeon
 12288 | D:10     | Noticed a two-headed ogre
 12466 | D:10     | Received a gift from Okawaru
 12589 | D:10     | Noticed Erolcha
 12597 | D:10     | Cast into level 2 of the Abyss (Erolcha)
 12603 | Abyss:2  | Found a burning altar of Makhleb.
 12605 | D:10     | Escaped the Abyss
 12608 | D:10     | Killed Erolcha
 12608 | D:10     | Reached XP level 11. HP: 110/120 MP: 15/15
 13183 | D:10     | Killed a two-headed ogre
 13183 | D:10     | Reached ***** piety under Okawaru
 13183 | D:10     | Reached skill level 5 in Invocations
 13288 | D:10     | Noticed a two-headed ogre
 13289 | D:10     | Noticed Harold
 13393 | D:9      | Killed a two-headed ogre
 13624 | D:10     | Found a staircase to the Lair.
 13794 | D:10     | Killed Harold
 13969 | D:10     | Slain by a komodo dragon

Illustrated notes

Levels and vault maps discovered:
D:1:      dpeg_arrival_prison, layout_basic, minmay_pentomino_u2
D:2:      layout_loops_ring, lightli_temple_of_fire,
          chequers_ecumenical_altar_island, minmay_misc_feat_doors
D:3:      layout_basic
D:4:      layout_rooms, gammafunk_temple_overflow_wave, uniq_eustachio
D:5:      layout_rooms, kennysheep_mini, minmay_temple_entry_proselytizer,
          grunt_decor_resistance
D:6:      layout_loops_corners, nemelex_xobeh_ov_fountains_minmay,
          eat_drink_and_be_merry_uskayaw, kennysheep_little_box
D:7:      layout_loops_ring, amethyst_overflow_temple_binary, serial_glass,
          glass_columns_a, glass_columns_a, basic_altar, serial_shops, shop,
          kennysheep_mini_moat
D:8:      layout_basic, nicolae_blasting_shop, grunt_ministairs_1
D:9:      layout_roguey [special_room_bee], fedhas_altar_2
D:10:     kennysheep_spiral_hall, layout_irregular_city, david_lair_shrubbed,
          uniq_erolcha, uniq_harold
Temple:   cyrus_circular_temple

Skill      XL: |  1  2  3  4  5  6  7  8  9 10 11 |
---------------+----------------------------------+-----
Dodging        | 2 3 4 5 6 7 |  7.0
Conjurations   | 4 |  4.0
Spellcasting   | 3 |  3.0
Fighting       | 1 2 3 5 7 8 10 11 | 11.3
Throwing       | 1 3 4 5 6 8 |  8.0
Maces & Flails | 1 2 3 4 5 7 |  7.0
Evocations     | 1 2 3 |  3.0
Invocations    | 1 3 4 5 |  5.0
Stealth        | 2 3 |  3.0

Action                   |  1- 3 |  4- 6 |  7- 9 | 10-12 || total
-------------------------+-------+-------+-------+-------++-------
Melee: Whip              |    46 |    46 |   167 |   258 ||   517
       Punch             |       |       |       |     1 ||     1
Throw: Stone             |    45 |    55 |   192 |    71 ||   363
       Throwing net      |       |     2 |       |       ||     2
       Dart              |       |       |     8 |    60 ||    68
       Boomerang         |       |       |       |    18 ||    18
 Cast: Magic Dart        |    24 |       |       |       ||    24
       Searing Ray       |     5 |    11 |    60 |    24 ||   100
Invok: Heroism           |       |       |       |     8 ||     8
  Use: Scroll            |    12 |     4 |     5 |     7 ||    28
       Potion            |       |     1 |       |     8 ||     9
 Stab: Sleeping          |     2 |       |     3 |     2 ||     7
       Invisible         |       |       |       |     6 ||     6
Armor: Robe              |    24 |    20 |    59 |    21 ||   124
       Skin              |       |    25 |       |       ||    25
       Troll leather arm |       |       |       |    49 ||    49
Dodge: Dodged            |    30 |    30 |   137 |   191 ||   388

Table legend: (Time is in decaauts)
 A = Elapsed time spent in this place.
 B = Non-inter-level travel time spent in this place.
 C = Inter-level travel time spent in this place.
 D = Time resting spent in this place.
 E = Time spent auto-exploring this place.
 F = Levels seen in this place.
 G = Mean time per level.
                   A        B        C        D        E       F      G
               +--------+--------+--------+--------+--------+-----+--------+
         Total |  13877 |  13104 |    773 |    414 |  10713 |  12 | 1156.4 |
       Dungeon |  13803 |  13051 |    752 |    414 |  10670 |  10 | 1380.3 |
        Temple |     65 |     44 |     21 |      0 |     43 |   1 |   65.0 |
         Abyss |      7 |      7 |      0 |      0 |      0 |   1 |    7.0 |
               +--------+--------+--------+--------+--------+-----+--------+

Top non-repeatable levels by time:
     D:9: 2245 daAuts
     D:7: 1756 daAuts
     D:8: 1672 daAuts
     D:6: 1610 daAuts
    D:10: 1388 daAuts
     D:3: 1265 daAuts
     D:5: 1159 daAuts
     D:1: 1024 daAuts
     D:4: 945 daAuts
     D:2: 734 daAuts
  Temple: 65 daAuts
 Abyss:2: 7 daAuts
